Map: Línea Aguablanca EE

Players

alf

  • Race: Protoss Protoss
  • Spawn Location: 1:00

HECTORDCR

  • Race: Protoss Protoss
  • Spawn Location: 12:00

Fenix

  • Race: Protoss Protoss
  • Spawn Location: 1:00

MrFercho

  • Race: Zerg Zerg
  • League: Silver
  • Spawn Location: 7:00

TATORREA

  • Race: Protoss Protoss
  • League: Gold
  • Spawn Location: 6:00

tigro

  • Race: Terran Terran
  • League: Bronze
  • Spawn Location: 7:00

VOD

Have the link to the VOD?

Description

Time

  • Played on: July 5, 2020, 10:45 p.m.
  • Length: 19:45
Show
View Real Time Build Order
Export as new Build Order

alf Protoss 

Build Orders: Carriers 

Get SALT Encoding   

  12  0:00  Probe  
  13  0:08  Probe  
  14  0:22  Pylon  
  14  0:29  Assimilator  
  14  0:39  Pylon  
  14  0:46  Gateway  
  14  0:51  Probe  
  15  1:03  Gateway  
  15  1:06  Probe  
  16  1:20  Gateway, Probe  
  17  1:53  Zealot  
  21  1:54  Zealot  
  21  2:03  Cybernetics Core  
  21  2:08  Forge  
  21  2:10  Probe  
  22  2:17  Zealot  
  24  2:31  Zealot  
  24  2:32  Zealot  
  28  2:44  Stalker  
  30  2:53  Pylon  
  30  3:00  Pylon  
  30  3:11  Stalker  
  32  3:13  Stalker  
  34  3:22  Stalker  
  36  3:52  Stalker  
  36  3:55  Stalker  
  40  3:59  Assimilator  
  40  4:03  Pylon  
  38  4:33  Stalker  
  38  4:35  Stalker x2  
  24  5:48  Stargate  
  24  5:58  Nexus  
  24  6:04  Pylon  
  24  6:08  Pylon  
  24  6:29  Photon Cannon  
  24  6:31  Photon Cannon  
  24  6:34  Photon Cannon  
  24  6:36  Photon Cannon  
  24  6:39  Shield Battery  
  24  6:41  Shield Battery  
  24  6:51  Assimilator  
  24  7:00  Probe  
  24  7:08  Probe  
  26  7:17  Probe  
  27  7:29  Probe  
  27  7:30  Fleet Beacon  
  27  7:35  Probe  
  28  7:37  Probe  
  28  7:43  Probe  
  31  8:02  Probe x2  
  32  8:10  Probe  
  34  8:40  Carrier  
  40  8:46  Stargate  
  40  8:53  Stargate  
  40  8:57  Pylon  
  40  9:00  Pylon  
  40  9:08  Photon Cannon  
  40  9:14  Photon Cannon  
  40  9:16  Photon Cannon  
  40  9:20  Shield Battery  
  40  9:26  Probe  
  41  9:34  Probe  
  41  9:39  Assimilator  
  41  9:42  Probe  
  42  9:51  Probe  
  43  9:56  Probe  
  44  10:04  Probe  
  45  10:11  Probe  
  47  10:15  Carrier  
  47  10:18  Carrier  
  59  10:23  Probe  
  60  11:12  Carrier  
  60  11:18  Nexus  
  65  11:45  Pylon  
  57  12:31  Carrier  
  57  12:33  Carrier  
  57  12:35  Carrier  
  75  12:40  Photon Cannon  
  75  12:42  Photon Cannon  
  75  12:45  Photon Cannon  
  75  12:49  Photon Cannon  
  75  12:54  Assimilator  
  75  12:56  Pylon  
  69  13:44  Pylon  
  69  13:47  Shield Battery  
  69  13:52  Shield Battery  
  69  14:07  Carrier  
  69  14:08  Carrier  
  69  14:09  Carrier  
  87  14:10  Mothership  
  88  15:51  Carrier  
  88  15:52  Carrier  
  88  15:53  Carrier  
  112  19:23  Nexus  
Show
View Real Time Build Order
Export as new Build Order

HECTORDCR Protoss 

Build Orders:  

Get SALT Encoding   

  12  0:01  Probe  
  13  0:13  Probe  
  14  0:22  Pylon  
  14  0:26  Assimilator  
  14  0:28  Probe  
  15  0:39  Probe  
  16  0:47  Probe  
  16  0:49  Pylon  
  16  0:55  Probe  
  17  1:01  Assimilator  
  18  1:07  Probe  
  19  1:21  Gateway  
  19  1:28  Probe  
  20  1:40  Probe  
  21  1:52  Probe  
  21  1:53  Forge  
  22  2:05  Probe  
  23  2:12  Cybernetics Core  
  23  2:24  Pylon  
  23  2:29  Pylon  
  23  2:47  Photon Cannon  
  23  2:53  Stargate  
  23  2:54  Stargate  
  23  3:07  Pylon  
  23  3:23  Protoss Air Weapons Level 1  
  23  3:28  Void Ray x2  
  23  3:29  Photon Cannon  
  31  4:11  Void Ray  
  35  4:23  Void Ray  
  35  5:20  Void Ray  
  35  5:21  Void Ray  
  39  5:41  Nexus  
  39  6:08  Pylon  
  39  6:14  Pylon  
  39  6:17  Pylon  
  31  6:45  Photon Cannon  
  31  6:46  Photon Cannon  
  31  6:47  Photon Cannon  
  31  6:55  Probe  
  31  6:57  Photon Cannon  
  32  7:06  Photon Cannon  
  32  7:07  Probe  
  32  7:08  Photon Cannon  
  33  7:11  Photon Cannon  
  33  7:13  Photon Cannon  
  33  7:16  Probe  
  33  7:19  Assimilator  
  34  7:23  Assimilator  
  34  7:25  Probe  
  35  7:34  Probe  
  36  7:46  Probe  
  36  7:48  Void Ray  
  41  7:57  Protoss Shields Level 1  
  41  7:58  Probe  
  42  8:10  Probe  
  43  8:22  Probe  
  44  8:31  Void Ray  
  48  8:42  Pylon, Stargate  
  48  8:43  Pylon  
  48  8:45  Pylon  
  48  8:54  Twilight Council, Fleet Beacon  
  48  9:02  Probe  
  49  9:10  Probe  
  50  9:17  Pylon  
  50  9:20  Probe  
  51  9:32  Probe  
  52  9:38  Photon Cannon  
  52  9:40  Photon Cannon  
  52  9:44  Probe  
  53  9:54  Pylon  
  53  9:58  Pylon  
  53  10:04  Pylon  
  53  10:08  Pylon  
  53  10:09  Void Ray x2  
  61  10:33  Void Ray  
  65  10:46  Stargate, Nexus  
  65  10:53  Assimilator  
  65  10:57  Assimilator  
  65  11:03  Void Ray  
  69  11:06  Unknown  
  69  11:42  Void Ray  
  69  11:43  Void Ray x2  
  73  12:29  Photon Cannon x2  
  73  12:37  Photon Cannon  
  73  12:39  Photon Cannon  
  73  12:43  Probe  
  74  12:51  Probe  
  74  12:54  Void Ray x3  
  86  13:00  Probe  
  88  13:12  Probe  
  88  13:25  Probe  
  89  13:40  Photon Cannon  
  89  13:44  Photon Cannon  
  89  13:48  Photon Cannon  
  89  13:49  Probe  
  89  13:52  Photon Cannon  
  89  13:54  Photon Cannon  
  90  13:58  Protoss Shields Level 2  
  90  14:01  Probe  
  91  14:10  Probe  
  91  14:13  Protoss Air Weapons Level 2  
  92  14:18  Probe  
  93  14:28  Probe  
  93  14:30  Void Ray x3  
  105  14:40  Probe  
  106  14:52  Probe  
  79  15:40  Void Ray x4  
  82  16:23  Void Ray x4  
  97  16:43  Protoss Air Armor Level 1  
  97  17:25  Void Ray x4  
  105  18:26  Nexus  
Show
View Real Time Build Order
Export as new Build Order

Fenix Protoss 

Build Orders:  

Get SALT Encoding   

  12  0:13  Pylon  
  12  0:25  Probe  
  13  0:37  Probe  
  13  0:40  Gateway  
  14  0:50  Gateway  
  14  1:06  Gateway  
  14  1:12  Pylon  
  14  1:29  Zealot  
  16  1:41  Zealot  
  18  1:50  Pylon  
  18  1:56  Zealot  
  18  1:57  Pylon  
  18  1:58  Zealot  
  22  2:07  Assimilator  
  22  2:11  Zealot  
  24  2:16  Assimilator  
  24  2:26  Zealot  
  26  2:32  Zealot  
  28  2:38  Probe  
  29  2:46  Probe  
  30  2:53  Zealot  
  32  3:02  Zealot  
  32  3:10  Zealot  
  36  3:51  Cybernetics Core  
  36  3:55  Forge  
  36  3:57  Probe  
  37  4:43  Nexus  
  37  4:50  Warp Gate  
  37  5:04  Twilight Council  
  35  5:19  Robotics Facility  
  17  5:44  Dark Shrine  
  17  6:03  Probe  
  18  6:11  Probe  
  18  6:12  Warp Prism  
  19  6:21  Probe  
  22  6:33  Probe  
  23  6:45  Probe  
  24  6:50  Gateway  
  24  6:57  Probe  
  24  6:59  Assimilator  
  25  7:09  Probe  
  26  7:20  Probe  
  27  7:28  Probe  
  27  7:30  Assimilator  
  27  7:36  Pylon, Probe  
  28  7:42  Pylon  
  29  7:48  Probe  
  30  8:00  Probe  
  30  8:03  Dark Templar  
  33  8:05  Dark Templar  
  33  8:07  Dark Templar  
  37  8:28  Dark Templar  
  31  9:00  Stargate  
  31  9:01  Stargate  
  31  9:08  Stargate  
  31  9:13  Stargate  
  31  9:15  Probe  
  31  9:23  Probe  
  33  9:33  Probe  
  34  9:47  Void Ray x2  
  42  9:53  Pylon  
  42  10:07  Fleet Beacon  
  42  10:09  Nexus  
  42  10:14  Void Ray  
  46  10:27  Void Ray  
  50  10:38  Pylon  
  50  10:50  Probe  
  50  10:51  Assimilator  
  51  10:58  Probe  
  51  10:59  Void Ray  
  56  11:07  Unknown  
  56  11:08  Probe  
  57  11:33  Void Ray  
  53  11:47  Probe  
  53  11:55  Probe  
  53  11:56  Probe  
  55  12:05  Probe  
  55  12:07  Probe  
  57  12:09  Dark Templar  
  57  12:10  Dark Templar  
  61  12:17  Probe  
  61  12:19  Probe  
  63  12:27  Probe  
  63  12:33  Void Ray  
  63  12:35  Probe  
  68  12:43  Probe  
  70  12:51  Probe  
  70  12:53  Pylon  
  70  12:58  Void Ray  
  75  13:02  Probe  
  76  13:14  Probe  
  76  13:19  Void Ray  
  77  13:20  Void Ray  
  85  13:31  Probe  
  86  13:38  Assimilator  
  86  13:39  Probe  
  86  13:41  Void Ray  
  90  13:48  Probe  
  91  13:49  Void Ray  
  96  13:58  Probe  
  97  14:10  Void Ray, Probe  
  102  14:18  Stargate  
  102  14:19  Stargate  
  102  14:23  Pylon, Probe  
  103  14:26  Pylon  
  103  14:30  Void Ray  
  107  14:35  Probe  
  107  14:37  Observer  
  109  14:47  Probe  
  109  14:51  Protoss Shields Level 1  
  110  14:54  Observer  
  111  15:02  Protoss Air Weapons Level 1  
  107  15:11  Void Ray  
  107  15:13  Void Ray x2  
  111  15:16  Observer  
  92  15:37  Observer  
  92  15:38  Void Ray x2  
  92  15:42  Dark Templar  
  103  15:43  Dark Templar  
  105  16:01  Void Ray x2  
  101  16:24  Void Ray  
  101  16:25  Void Ray x3  
  117  16:38  Stargate  
  117  16:47  Pylon  
  117  17:02  Protoss Shields Level 2  
  117  17:09  Void Ray x2  
  117  17:10  Protoss Air Armor Level 1  
  125  17:20  Void Ray x2  
  130  17:28  Void Ray  
  134  17:43  Void Ray  
  138  17:50  Pylon  
  138  17:55  Pylon  
  138  18:01  Void Ray  
  138  18:02  Pylon  
  118  18:40  Void Ray  
  122  18:41  Void Ray x2  
  130  18:59  Probe  
  131  19:07  Probe  
  132  19:17  Probe  
  137  19:29  Probe  
Show
View Real Time Build Order
Export as new Build Order

MrFercho Zerg 

Build Orders: Pool First 

Get SALT Encoding   

  12  0:01  Drone  
  13  0:13  Overlord  
  13  0:21  Drone  
  14  0:31  Drone x2  
  16  0:37  Drone  
  17  1:09  Spawning Pool  
  17  1:11  Drone  
  17  1:14  Drone  
  17  1:18  Drone  
  19  1:20  Hatchery  
  19  1:22  Drone  
  19  1:32  Extractor  
  18  1:33  Drone  
  19  1:44  Overlord  
  19  2:01  Extractor  
  19  2:04  Queen  
  19  2:06  Overlord x2  
  20  2:15  Drone  
  21  2:30  Drone  
  21  2:32  Drone  
  21  2:34  Queen  
  25  2:37  Drone  
  25  2:43  Lair  
  26  2:53  Zergling x4  
  26  2:58  Metabolic Boost  
  28  3:00  Drone x2  
  30  3:07  Drone  
  30  3:09  Extractor  
  30  3:11  Drone  
  31  3:18  Drone x3  
  34  3:21  Drone  
  34  3:22  Drone  
  36  3:34  Zergling x2  
  36  3:35  Zergling x2  
  38  3:41  Evolution Chamber  
  38  3:45  Hydralisk Den  
  38  3:46  Drone x3  
  39  4:03  Zergling x12  
  45  4:12  Zerg Missile Weapons Level 1  
  45  4:30  Evolution Chamber  
  44  4:32  Hydralisk, Grooved Spines  
  44  4:33  Hydralisk x3  
  52  4:45  Overlord x2  
  52  5:04  Drone  
  52  5:06  Drone x2  
  47  5:26  Zerg Ground Armor Level 1  
  45  5:31  Lurker Den  
  45  5:35  Hydralisk x3  
  48  6:00  Spore Crawler  
  47  6:04  Spore Crawler  
  47  6:06  Drone  
  47  6:07  Drone x4  
  47  6:10  Overlord x2  
  47  6:11  Overlord  
  51  6:17  Queen  
  51  6:35  Hydralisk x5  
  61  6:48  Zerg Missile Weapons Level 2  
  61  7:01  Infestation Pit  
  61  7:02  Hydralisk x5  
  61  7:04  Nydus Network  
  69  7:25  Drone x2  
  69  7:26  Drone  
  72  7:34  Spine Crawler  
  72  7:36  Hatchery  
  70  7:37  Drone, Spine Crawler  
  70  7:38  Drone x3  
  73  7:45  Hive  
  73  7:47  Muscular Augments  
  73  7:58  Hatchery  
  72  8:09  Extractor  
  72  8:12  Drone  
  72  8:13  Drone x3  
  72  8:14  Drone x2  
  77  8:30  Spore Crawler  
  76  8:38  Overseer  
  76  9:01  Drone x9  
  76  9:02  Drone x2  
  87  9:21  Hydralisk  
  87  9:22  Hatchery, Hydralisk x8  
  104  9:24  Overlord x2  
  104  9:33  Pneumatized Carapace  
  104  9:35  Seismic Spines  
  104  9:44  Lurker  
  104  9:45  Lurker x2  
  107  9:53  Extractor  
  107  9:55  Extractor  
  105  10:03  Spore Crawler  
  104  10:15  Overseer  
  104  10:18  Hydralisk x6  
  104  10:20  Overlord x3  
  116  10:21  Overlord x2  
  116  10:22  Overlord  
  116  10:24  Zergling x8  
  120  10:32  Adaptive Talons  
  120  11:01  Hatchery  
  120  11:03  Extractor x2  
  117  11:42  Overseer  
  117  11:52  Hydralisk x12  
  141  12:32  Nydus Canal  
  141  12:49  Overlord x5  
  141  12:50  Overlord  
  125  13:26  Hydralisk x7  
  125  13:27  Hydralisk x5  
  146  13:41  Hydralisk x7  
  160  13:50  Zerg Ground Armor Level 2  
  160  13:51  Zerg Missile Weapons Level 3  
  160  14:00  Spire  
  159  14:05  Drone x13  
  172  14:19  Hydralisk x3  
  105  15:23  Hydralisk x15  
  105  15:25  Hydralisk  
  131  15:40  Drone x3  
  131  15:41  Drone x5  
  131  15:42  Drone x2  
  135  16:14  Corruptor  
  135  16:15  Corruptor x5  
  133  16:38  Overseer  
  73  17:24  Hatchery  
  73  17:26  Extractor  
  73  17:27  Corruptor x10  
  73  17:28  Extractor, Corruptor  
  83  18:18  Corruptor  
  83  18:19  Corruptor x9  
  91  18:31  Corruptor  
  91  18:32  Corruptor x9  
  105  18:53  Corruptor x8  
Show
View Real Time Build Order
Export as new Build Order

TATORREA Protoss 

Build Orders:  

Get SALT Encoding   

  12  0:01  Probe  
  13  0:13  Probe  
  14  0:24  Pylon  
  14  0:26  Probe  
  15  0:42  Probe  
  16  0:44  Gateway  
  16  0:54  Probe  
  17  1:04  Assimilator  
  17  1:06  Probe  
  18  1:15  Pylon  
  18  1:18  Probe  
  19  1:30  Probe  
  20  1:42  Probe  
  20  1:43  Pylon  
  20  1:45  Gateway  
  20  1:48  Cybernetics Core  
  20  1:54  Probe  
  20  1:55  Gateway  
  21  2:08  Pylon  
  21  2:09  Probe  
  21  2:15  Warp Gate  
  22  2:23  Stalker  
  24  2:37  Assimilator  
  24  2:38  Zealot  
  24  2:42  Stalker  
  26  2:49  Stalker  
  30  3:21  Robotics Facility  
  30  3:28  Zealot  
  30  3:29  Zealot x2  
  36  3:52  Shield Battery  
  36  3:54  Shield Battery  
  36  3:56  Shield Battery  
  36  4:07  Gateway  
  36  4:08  Observer  
  37  4:15  Stalker  
  39  4:21  Stalker  
  41  4:30  Stalker, Immortal  
  47  4:46  Pylon  
  29  5:09  Stalker  
  29  5:10  Stalker x2  
  31  5:34  Stalker  
  31  5:35  Stalker  
  33  5:52  Immortal  
  37  5:59  Stalker  
  37  6:02  Pylon  
  39  6:15  Nexus  
  39  6:25  Probe  
  40  6:26  Pylon  
  40  6:37  Stalker  
  42  6:40  Probe  
  43  6:52  Stalker  
  45  6:54  Probe  
  46  7:06  Probe  
  46  7:07  Stalker  
  49  7:09  Stalker  
  51  7:18  Probe  
  52  7:27  Probe  
  53  7:30  Probe  
  53  7:36  Pylon  
  54  7:40  Probe  
  54  7:42  Probe  
  56  7:45  Stalker x2  
  56  7:50  Stalker  
  62  7:53  Probe  
  62  7:56  Probe  
  64  8:09  Probe x2  
  64  8:10  Forge  
  66  8:16  Assimilator  
  66  8:20  Assimilator  
  66  8:26  Stalker  
  68  8:27  Stalker  
  68  8:34  Observer  
  71  8:38  Probe  
  71  8:39  Probe  
  73  8:52  Probe  
  73  8:53  Probe  
  75  9:07  Probe  
  75  9:08  Probe  
  77  9:19  Nexus  
  77  9:21  Pylon  
  77  9:23  Pylon  
  77  9:28  Pylon  
  77  9:31  Pylon  
  77  9:33  Probe  
  78  9:39  Probe  
  78  9:41  Pylon  
  78  9:45  Stalker x2  
  81  9:48  Probe  
  81  9:51  Pylon  
  84  9:56  Pylon  
  84  10:01  Probe x2  
  84  10:03  Protoss Ground Weapons Level 1  
  86  10:07  Stalker  
  86  10:09  Stalker  
  90  10:19  Probe x2  
  90  10:20  Assimilator  
  92  10:25  Assimilator  
  92  10:31  Stalker  
  92  10:32  Stalker  
  92  10:34  Stalker  
  98  10:39  Stalker  
  98  10:41  Probe  
  98  10:42  Probe  
  102  10:44  Probe  
  103  10:58  Stalker x2  
  103  11:01  Stalker  
  103  11:03  Probe  
  103  11:04  Probe  
  111  11:26  Probe x2  
  113  11:32  Nexus  
  113  11:36  Pylon  
  113  11:38  Pylon  
  67  12:23  Stalker x3  
  67  12:24  Stalker  
  75  12:33  Probe x3  
  75  12:34  Stargate  
  75  12:36  Stargate  
  78  12:38  Stargate  
  78  12:48  Probe x4  
  82  12:52  Stalker x2, Protoss Air Armor Level 1  
  82  12:53  Stalker x2  
  90  13:03  Probe  
  90  13:04  Probe x3  
  94  13:05  Forge  
  94  13:07  Forge  
  94  13:09  Twilight Council  
  94  13:25  Fleet Beacon  
  94  13:27  Probe x2  
  94  13:28  Probe x2  
  94  13:31  Stalker  
  94  13:32  Stalker x3  
  106  13:39  Probe  
  106  13:40  Probe x3  
  110  13:42  Gateway  
  110  13:44  Gateway  
  110  13:48  Gateway  
  110  13:49  Gateway  
  110  13:52  Probe  
  110  13:53  Probe x2  
  110  13:55  Gateway  
  113  13:57  Pylon  
  113  13:59  Assimilator, Pylon  
  113  14:02  Pylon  
  113  14:03  Assimilator  
  113  14:04  Pylon  
  113  14:16  Pylon  
  113  14:18  Stalker x2  
  113  14:19  Stalker x2  
  113  14:21  Phoenix  
  113  14:22  Anion Pulse-Crystals  
  123  14:24  Phoenix  
  123  14:28  Phoenix  
  127  14:38  Pylon  
  127  14:41  Nexus  
  127  14:42  Pylon  
  127  14:45  Probe  
  128  14:47  Probe x2  
  128  14:50  Stalker x2  
  128  14:51  Stalker x2  
  128  14:52  Stalker x4  
  146  15:06  Phoenix x3  
  132  15:31  Phoenix x3  
  112  15:40  Blink  
  102  16:04  Phoenix x3  
  102  16:11  Protoss Air Weapons Level 1  
  108  16:19  Stalker, Assimilator  
  108  16:20  Stalker x4  
  108  16:21  Stalker x3, Assimilator  
  108  16:23  Stalker  
  126  16:30  Observer  
  127  16:57  Templar Archives  
  115  17:07  Stalker  
  115  17:08  Stalker x2  
  105  17:09  Stalker x3  
  105  17:10  Stalker x2  
  105  17:11  Stalker  
  105  17:12  Phoenix  
  105  17:13  Phoenix x2  
  108  17:40  Stalker x3  
  108  17:41  Stalker x2  
  108  17:42  Stalker  
Show
View Real Time Build Order
Export as new Build Order

tigro Terran 

Build Orders:  

Get SALT Encoding   

  12  0:02  SCV  
  13  0:14  SCV  
  14  0:24  Supply Depot  
  14  0:27  SCV  
  15  0:34  Refinery  
  15  0:46  SCV  
  16  0:50  Barracks  
  16  0:58  SCV  
  17  1:07  Refinery  
  17  1:10  SCV  
  18  1:18  Supply Depot  
  18  1:22  SCV  
  19  1:34  SCV  
  19  1:39  Marine  
  21  1:46  SCV  
  22  1:57  Marine  
  22  1:59  Factory  
  22  2:01  SCV  
  24  2:13  SCV  
  24  2:14  Marine  
  26  2:25  SCV  
  27  2:32  Marine  
  27  2:37  Engineering Bay  
  28  2:39  Orbital Command  
  28  2:44  Barracks, Factory Tech Lab  
  28  2:50  Marine  
  29  3:11  Siege Tank  
  32  3:14  Barracks Tech Lab  
  32  3:39  Barracks Reactor  
  32  3:41  Combat Shield  
  32  3:43  Siege Tank  
  35  3:48  Command Center  
  35  4:08  Terran Infantry Weapons Level 1  
  35  4:42  Starport  
  32  4:50  Marine x2  
  32  4:51  Marine  
  35  5:08  Marine x3  
  36  5:22  Starport  
  36  5:26  Marine x3  
  39  5:32  Siege Tank  
  42  5:44  Marine x2  
  41  5:55  Marine  
  42  6:01  Marine, Starport Tech Lab  
  42  6:02  Terran Infantry Armor Level 1, Marine  
  44  6:04  Siege Tank  
  47  6:13  Marine  
  48  6:19  Marine x2  
  48  6:25  Refinery, SCV  
  51  6:31  Marine  
  52  6:37  Marine x2, SCV, Siege Tank  
  58  6:49  SCV  
  59  7:01  SCV  
  60  7:13  SCV, Missile Turret  
  61  7:25  SCV  
  61  7:28  Supply Depot  
  62  7:36  Fusion Core  
  62  7:46  Missile Turret  
  62  7:50  Medivac, SCV  
  62  7:51  Supply Depot  
  65  7:56  Hi-Sec Auto Tracking  
  65  8:02  SCV  
  66  8:10  Missile Turret  
  66  8:14  SCV  
  61  8:31  Missile Turret  
  58  8:50  SCV  
  59  9:03  SCV  
  59  9:07  Armory, Missile Turret  
  60  9:15  SCV  
  61  9:27  SCV  
  62  9:32  Missile Turret  
  62  9:39  SCV  
  62  9:40  Refinery  
  63  9:51  SCV  
  64  9:53  Missile Turret  
  64  9:55  Starport Tech Lab  
  64  10:02  Terran Infantry Weapons Level 2  
  64  10:03  SCV  
  64  10:06  Terran Vehicle Weapons Level 1  
  65  10:15  SCV  
  66  10:23  Missile Turret  
  66  10:27  SCV  
  67  10:34  Thor  
  73  10:39  SCV  
  74  10:45  Missile Turret  
  74  10:51  Marine, SCV  
  74  10:52  Marine x2  
  78  11:03  SCV  
  79  11:09  Marine x2  
  81  11:13  Marine  
  81  11:15  Missile Turret  
  81  11:16  SCV  
  83  11:27  Marine x2  
  83  11:31  Marine  
  86  11:37  Missile Turret  
  86  11:45  Marine x2  
  88  11:48  Marine  
  87  12:01  Terran Vehicle And Ship Armor Level 1  
  76  12:03  Marine x2  
  60  12:16  Marine  
  60  12:18  Thor, Terran Infantry Armor Level 2  
  60  12:20  Marine  
  60  12:21  Marine  
  69  12:26  Weapon Refit  
  69  12:34  Marine  
  70  12:38  Marine  
  70  12:39  Marine  
  72  12:51  Marine  
  72  12:56  Marine x2  
  75  13:01  Thor  
  81  13:09  Marine  
  82  13:27  Marine x3  
  82  13:29  Medivac x2  
  89  13:36  Command Center  
  89  13:45  Marine x3  
  92  13:55  Terran Ship Weapons Level 1  
  92  14:01  Stimpack  
  92  14:02  Marine  
  92  14:03  Marine  
  92  14:06  Rapid Reignition System  
  94  14:13  Supply Depot  
  94  14:34  Marine x2, Neosteel Armor  
  94  14:35  Battlecruiser  
  94  14:36  Supply Depot  
  102  14:47  Marine  
  102  14:49  Missile Turret  
  102  14:52  Marine x2  
  105  15:05  Marine  
  96  15:10  Missile Turret  
  64  15:21  Marine x2  
  64  15:23  Marine  
  65  15:30  Missile Turret  
  65  15:33  Battlecruiser  
  71  15:39  Marine x2  
  71  15:41  Marine  
  74  15:52  Missile Turret  
  74  15:57  Marine x2  
  74  15:59  Marine  
  77  16:08  Refinery  
  77  16:09  Battlecruiser  
  83  16:13  Missile Turret, Refinery  
  83  16:14  Terran Infantry Weapons Level 3  
  83  16:15  Marine x2  
  83  16:17  Marine  
  67  16:34  Marine  
  67  16:35  Missile Turret  
  67  16:38  Battlecruiser  
  70  16:58  Missile Turret  
  66  17:02  Marine  
  66  17:03  Marine  
  67  17:13  Battlecruiser  
  64  17:42  Battlecruiser  
  64  17:49  Marine x2  
  64  17:50  Marine  
  67  17:52  Thor  
  64  18:07  Marine x3  
  64  18:17  Battlecruiser  
  70  18:25  Marine x3  
  61  18:43  Marine  
  46  19:01  Marine  
  29  19:33  Factory Tech Lab  
Tags
 
Add a new tag
Caveats
  • Supply blocks, unpowered buildings, or Contaminate may cause inaccurate times.
  • Supply counts are checked every 10 seconds.